 Dungeon Crawl Stone Soup version 0.24.1 (webtiles) character file.

Game seed: 13530722495166581339, levelgen mode: deterministic

51 Descartes the Grasshopper (level 3, 0/16 HPs)
             Began as a Felid Warper on Mar 23, 2020.
             Slain by a kobold (3 damage)
             ... on level 2 of the Dungeon.
             The game lasted 00:03:31 (1722 turns).

Descartes the Grasshopper (Felid Warper)            Turns: 1722, Time: 00:03:32

Health: 0/16       AC:  1    Str:  8    XL:     3   Next: 58%
Magic:  0/7        EV: 19    Int: 14    God:
Gold:   19         SH:  0    Dex: 15    Spells: 2/6 levels left
                                        Lives:  0   Deaths: 0

rFire    . . .     SeeInvis +     - Unarmed
rCold    . . .     Gourm    .   (shield unavailable)
rNeg     . . .     Faith    .   (armour unavailable)
rPois    .         Spirit   +   (helmet unavailable)
rElec    .         Reflect  .   (cloak unavailable)
rCorr    .         Harm     .   (gloves unavailable)
MR       .....                  (boots unavailable)
Stlth    +++.......             o - amulet of guardian spirit
HPRegen  0.05/turn              p - ring of flight
MPRegen  0.10/turn              (no ring)

@: lethally poisoned (0 -> -8), quick
A: very small, no armour, no weapons or thrown items, stealth, claws 1, fangs 3,
see invisible, carnivore, speed 1, shaggy fur 1, slow metabolism 1, sharp paws
a: Evoke Flight


You were on level 2 of the Dungeon.
You were completely stuffed.

You visited 1 branch of the dungeon, and saw 2 of its levels.

You collected 19 gold pieces.

Inventory:

Missiles
 d - 17 stones
 e - 15 arrows
Jewellery
 o - an amulet of guardian spirit (around neck)
 p - a ring of flight (left paw)
Scrolls
 b - a scroll of blinking
 j - 2 scrolls of teleportation {unknown}
 n - a scroll of amnesia {unknown}
Potions
 a - a potion of haste {unknown}
 f - a potion of mutation {unknown}
 g - a potion of ambrosia {unknown}
 h - a potion of invisibility {unknown}
 k - 2 potions of agility {unknown}
 l - 2 potions of curing {unknown}
 m - a potion of lignification {unknown}
Comestibles
 c - a ration
 i - 5 chunks of flesh


   Skills:
 - Level 2.0 Fighting
 + Level 3.8 Dodging
 * Level 2.9 Stealth
 * Level 2.9 Unarmed Combat
 - Level 2.0 Spellcasting
 + Level 4.4 Translocations


You had 2 spell levels left.
You knew the following spells:

 Your Spells              Type           Power        Failure   Level  Hunger
a - Blink                 Tloc           N/A          6%          2    ###....
b - Shroud of Golubria    Chrm/Tloc      #.....       14%         2    ###....

Your spell library contained the following spells:

 Spells                   Type           Power        Failure   Level  Hunger
 Gell's Gravitas          Tloc           ##........   12%         3    ####...
 Lesser Beckoning         Tloc           ##........   12%         3    ####...
 Teleport Other           Tloc           ##......     12%         3    ####...
 Passage of Golubria      Tloc           N/A          36%         4    #####..


Dungeon Overview and Level Annotations

Branches:
Dungeon (2/15)

Altars:


Innate Abilities, Weirdness & Mutations

You cannot wear armour.
You are incapable of wielding weapons or throwing items.
Your paws allow you to move quietly. (Stealth)
You have sharp claws.
You have razor-sharp teeth.
You have supernaturally acute eyesight. (SInv)
You are carnivorous and can eat meat at any time.
You cover ground quickly.
You are covered in fur. (AC +1)
You have a slow metabolism.
Your sharp claws are effective at attacking unaware monsters.


Message History

The adder is heavily wounded.
The adder bites you.
You are lethally poisoned!
The adder poisons you!
Your shroud bends the kobold's attack away.
You scratch the adder.
You kill the adder!
You feel sick. The kobold hits you.
Your shroud falls apart!
* * * LOW HITPOINT WARNING * * *
You feel sick. The kobold closely misses you.
You see here an adder corpse.
You miss the kobold. The kobold completely misses you.
You closely miss the kobold.
* * * LOW HITPOINT WARNING * * *
You feel sick. The kobold misses you.
You scratch the kobold.
The kobold is severely wounded.
The kobold hits you.
You die...

.. ##.. #.. .. . #.# ...
.. ###.### .#...
...#######..... .....
...........#.######.....
............K##.........
............@...........
............>###......#
............##........##
............##.........#
............##.#........
...........###.#.......#
....#.....## #.#........
...###..### #.........#
##. #.........#


You could see a kobold.

Vanquished Creatures
  An adder (D:2)
  An ooze (D:1)
  A worm (D:2)
  A leopard gecko (D:1)
  4 bats
  2 giant cockroaches (D:1)
  6 goblins
  4 hobgoblins
  2 frilled lizards
  10 kobolds
  4 rats
36 creatures vanquished.

Notes
Turn   | Place    | Note
-------+----------+-------------------------------------------
     0 | D:1      | Descartes the Felid Warper began the quest for the Orb.
     0 | D:1      | Reached XP level 1. HP: 9/9 MP: 4/4
    96 | D:1      | Reached skill level 1 in Stealth
   252 | D:1      | Reached XP level 2. HP: 13/13 MP: 6/6
  1152 | D:1      | Reached XP level 3. HP: 14/16 MP: 7/7
  1672 | D:2      | Learned a level 2 spell: Blink
  1675 | D:2      | Learned a level 2 spell: Shroud of Golubria
  1722 | D:2      | Slain by a kobold

Levels and vault maps discovered:
D:1:      minmay_arrival_radiant_lines, layout_basic, columned_hall_lemuel
D:2:      layout_rooms

Skill      XL: |  1  2 |
---------------+-------+-----
Stealth        | 1 2 |  2.9
Fighting       | |  2.0
Dodging        | |  3.8
Unarmed Combat | |  2.9
Spellcasting   | |  2.0
Translocations | |  4.4

Action                   || total
-------------------------++-------
Melee: Unarmed           ||   138
       Bite              ||    14
       Punch             ||     1
 Cast: Shroud of Golubri ||     1
 Stab: Sleeping          ||     5
  Eat: Chunk             ||     9
Armor: Skin              ||    12
Dodge: Dodged            ||   118
